 Dungeon Sprint DCSS version 0.32-a0-931-g5a2cda0630 (webtiles) character file.

Game seed: 7994650974476878490

2149 Griffin23 the Severer (level 9, -5/92 HPs)
             Began as a Minotaur Berserker on Apr 13, 2024.
             Was the Champion of Trog.
             Slain by an orc warrior
             ... wielding a +0 glaive
              (9 damage)
             ... in the Dungeon (Sprint III: "The Ten Rune Challenge").
             The game lasted 00:04:11 (877 turns).

Griffin23 the Severer (Minotaur Berserker)           Turns: 877, Time: 00:04:13

Health: -5/92      AC:  4    Str: 25    XL:     9   Next: 10%
Magic:  8/8        EV: 11    Int:  4    God:    Trog [******]
Gold:   57         SH:  0    Dex: 11    Spells: 8/8 levels left

rFire   . . .        a - +0 hand axe
rCold   . . .        (no shield)
rNeg    . . .        j - +0 leather armour
rPois   .            (helmet restricted)
rElec   .            (no cloak)
rCorr   .            (no gloves)
SInv    .            (no boots)
Will    .....        (no amulet)
Stlth   +            (no ring)
HPRegen 0.35/turn    (no ring)
MPRegen 0.11/turn

%: no teleportation
@: on berserk cooldown
A: horns 2, retaliatory headbutt
a: Renounce Religion, Berserk, Trog's Hand, Brothers in Arms


You were in the Dungeon.
You worshipped Trog.
Trog was exalted by your worship.
You visited 1 branch You collected 57 gold pieces.

Inventory:

Hand Weapons
 a - a +0 hand axe (weapon)
Armour
 b - a +0 animal skin
 j - a +0 leather armour (worn)
Jewellery
 q - a ring of see invisible
Wands
 p - a wand of flame (18)
Scrolls
 h - a scroll of blinking
 i - 2 scrolls of enchant weapon {unknown}
 l - a scroll of torment {unknown}
 m - a scroll of poison {unknown}
 n - a scroll of identify {unknown}
Potions
 c - 2 potions of curing
 d - 2 potions of heal wounds
 e - a potion of haste
 f - 2 potions of magic
 g - a potion of berserk rage
 k - 3 potions of mutation {unknown}
 o - a potion of enlightenment {unknown}


   Skills:
 + Level 12.8 Fighting
 * Level 17.4 Axes
 + Level 12.6 Armour
 - Level 2.1 Dodging


You had 8 spell levels left.
You didn't know any spells.
Your spell library was empty.

Dungeon Overview and Level Annotations

Branches:
Dungeon (1/1)

Altars:
Cheibriados
Dithmenos
Elyvilon
Fedhas
Gozag
Hepliaklqana
Kikubaaqudgha
Makhleb
Nemelex Xobeh
Okawaru
Qazlal
Ru
Sif Muna
Trog
Uskayaw
Vehumet
Wu Jian
Xom
Yredelemnul
Zin
The Shining One
Beogh
Jiyva
Lugonu


Innate Abilities, Weirdness & Mutations

You have a pair of horns on your head.
You reflexively headbutt those who attack you in melee.


Message History

Trog accepts your kill.
An orc comes into view. It is wielding a +0 trident.
There is an open door here.
Items here: $ )) [ †.
You feel yourself speed up. The orc warrior completely misses you.
The orc warrior hits you from afar with a +0 glaive!
* * * LOW HITPOINT WARNING * * *
Items here: )))) †.
Okay, then.
Okay, then.
Press: ? - help, v - describe, . - travel, g - get item
Items here: a +4 battleaxe; a +0 hand axe; a +0 scale mail.
The floor.
You hit the orc. You headbutt the orc.
The orc is heavily wounded.
You hit the orc.
You kill the orc!
Trog accepts your kill.
The orc warrior hits you from afar with a +0 glaive!
* * * LOW HITPOINT WARNING * * *
You close the door, pushing everything out of the way.
Items here: $ )))) †.
Something unseen breaks down the door.
The orc warrior barely misses you.
Okay, then.
The orc warrior hits you from afar with a +0 glaive!
* * * LOW HITPOINT WARNING * * *
Okay, then.
Unknown command.
You feel much better.
The orc priest casts a cantrip, but nothing happens.
The orc warrior hits you from afar with a +0 glaive.
* * * LOW HITPOINT WARNING * * *
You hit the orc priest. Your headbutt misses the orc priest.
The orc priest is moderately wounded.
The orc priest mumbles some strange prayers to Beogh against you.
Beogh smites you!
* * * LOW HITPOINT WARNING * * *
The orc warrior hits you from afar with a +0 glaive!
You die...

♣♣ ♣.#___#___#__#$#$ .♣
♣.#.).#__)#._#$.. ♣♣♣
♣.###'#÷###)##$.
..♣♣♣.#..........#$o
~...♣.'.⌠........#$##
~~~♣..#...######'#o$#
~~....#.⌠.#__#...#'#####
~.....#...#__#..)#o.~§~+
......#)###__#.)@#.#)§~#
......#.::#__#...oo#§§.#
÷.....#___#__'..)#[#§..#
▓▓▓▓▓▓▓▓▓▓▓▓▓▓▓▓▓▓▓▓▓▓▓▓


You could see an orc warrior and an orc priest.

Vanquished Creatures
  Erica (D)
  A deep elf pyromancer (D)
  A shadow (D)
  A spatial vortex (D)
  2 orc warriors (D)
  A weeping skull (D)
  A water elemental (D)
  A wight (D)
  A burial acolyte (D)
  A jelly (D)
  An orc priest (D)
  An orc wizard (D)
  3 humans (D)
  A kobold demonologist (D)
  A wolf (D)
  8 orcs (D)
  An endoplasm (D)
  3 rats (D)
30 creatures vanquished.

Notes
Turn   | Place    | Note
-------+----------+-------------------------------------------
     0 | D        | Griffin23 the Minotaur Berserker began the quest for the
                  | Orb.
     0 | D        | Reached XP level 1. HP: 19/19 MP: 0/0
     5 | D        | Reached skill level 4 in Axes
    30 | D        | Reached ** piety under Trog
    66 | D        | Reached skill level 5 in Axes
    66 | D        | Reached XP level 2. HP: 21/28 MP: 1/1
   105 | D        | Reached skill level 5 in Fighting
   105 | D        | Reached skill level 6 in Axes
   105 | D        | Reached XP level 3. HP: 15/36 MP: 2/2
   189 | D        | Noticed a water elemental
   196 | D        | Killed a water elemental
   196 | D        | Reached *** piety under Trog
   197 | D        | Reached skill level 8 in Axes
   197 | D        | Reached skill level 5 in Armour
   197 | D        | Reached XP level 4. HP: 43/45 MP: 3/3
   250 | D        | Found a glowing silver altar of Zin.
   250 | D        | Found a glowing golden altar of the Shining One.
   250 | D        | Found a white marble altar of Elyvilon.
   255 | D        | Noticed a deep elf pyromancer
   260 | D        | Killed a deep elf pyromancer
   261 | D        | Reached skill level 13 in Axes
   261 | D        | Reached XP level 5. HP: 58/58 MP: 4/4
   261 | D        | Reached XP level 6. HP: 66/66 MP: 5/5
   261 | D        | Reached XP level 7. HP: 71/71 MP: 6/6
   291 | D        | Found a hide-covered altar of Uskayaw.
   291 | D        | Found a roughly hewn altar of Beogh.
   291 | D        | Found an iron altar of Okawaru.
   291 | D        | Found a bloodstained altar of Trog.
   291 | D        | Found an ornate altar of the Wu Jian Council.
   291 | D        | Noticed a human
   291 | D        | Noticed a human
   302 | D        | Killed a human
   303 | D        | Reached skill level 10 in Fighting
   308 | D        | Killed a human
   309 | D        | Reached skill level 14 in Axes
   309 | D        | Reached skill level 10 in Armour
   441 | D        | Found a radiant altar of Vehumet.
   441 | D        | Found a shimmering blue altar of Sif Muna.
   441 | D        | Found an ancient bone altar of Kikubaaqudgha.
   442 | D        | Reached **** piety under Trog
   498 | D        | Found a basalt altar of Yredelemnul.
   498 | D        | Found a shadowy altar of Dithmenos.
   498 | D        | Found a sacrificial altar of Ru.
   505 | D        | Reached skill level 15 in Axes
   505 | D        | Reached XP level 8. HP: 82/82 MP: 7/7
   558 | D        | Reached ***** piety under Trog
   640 | D        | Found a blossoming altar of Fedhas.
   640 | D        | Found a stormy altar of Qazlal.
   640 | D        | Found a snail-covered altar of Cheibriados.
   640 | D        | Found a burning altar of Makhleb.
   640 | D        | Found a shimmering altar of Xom.
   641 | D        | Found a hazy altar of Hepliaklqana.
   641 | D        | Found an opulent altar of Gozag.
   641 | D        | Found a sparkling altar of Nemelex Xobeh.
   641 | D        | Found a corrupted altar of Lugonu.
   641 | D        | Found a viscous altar of Jiyva.
   671 | D        | Noticed Erica
   686 | D        | Killed Erica
   687 | D        | Reached skill level 16 in Axes
   832 | D        | Reached skill level 17 in Axes
   835 | D        | Reached XP level 9. HP: 92/92 MP: 8/8
   853 | D        | Reached ****** piety under Trog
   868 | D        | Received a gift from Trog
   875 | D        | HP: 2/92 [orc warrior/+0 glaive (17)]
   877 | D        | Slain by an orc warrior

Illustrated notes

Levels and vault maps discovered:
D:        dungeon_sprint_mu [sprint_mu_entry_forest, sprint_mu_temple_rooms,
          sprint_mu_d1_horrors, sprint_mu_d2_genie, sprint_mu_d3_branching,
          sprint_mu_orc_legion, sprint_mu_elf_gauntlet, sprint_mu_hive_nellie,
          sprint_mu_lair_fedhas, sprint_mu_vaults_butterflies,
          sprint_mu_slime_circle, sprint_mu_shoals_archi,
          sprint_mu_snake_twists, sprint_mu_blade_basic,
          sprint_mu_crypt_chambers, sprint_mu_tomb_spiral,
          sprint_mu_vestibule_basic, sprint_mu_gehenna_hellfire,
          sprint_mu_dis_giant, sprint_mu_tartarus_statrot,
          sprint_mu_cocytus_islands, sprint_mu_zot1]

Skill      XL: |  1  2  3  4  5  6  7  8 |
---------------+-------------------------+-----
Axes           | 5 6 8 13 15 17 | 17.4
Fighting       | 4 5 6 9 11 12 | 12.8
Armour         | 4 5 9 10 12 | 12.6
Dodging        | |  2.1

Action                     |  1- 3 |  4- 6 |  7- 9 || total
---------------------------+-------+-------+-------++-------
  Melee: Hand axe          |    24 |     4 |    77 ||   105
         Headbutt          |     5 |       |    19 ||    24
 Invoke: Berserk           |     1 |     1 |     5 ||     7
  Evoke: Wand              |       |       |     2 ||     2
    Use: Potion            |       |       |     1 ||     1
 Armour: Animal skin       |    11 |     1 |     8 ||    20
         Leather armour    |       |       |    35 ||    35
  Dodge: Dodged            |    11 |     2 |    25 ||    38

Table legend: (Time is in decaauts)
 A = Elapsed time spent in this place.
 B = Non-inter-level travel time spent in this place.
 C = Inter-level travel time spent in this place.
 D = Time resting spent in this place.
 E = Time spent auto-exploring this place.
 F = Levels seen in this place.
 G = Mean time per level.
                   A        B        C        D        E       F      G
               +--------+--------+--------+--------+--------+-----+--------+
         Total |    945 |    945 |      0 |    413 |    219 |   1 |  945.0 |
       Dungeon |    945 |    945 |      0 |    413 |    219 |   1 |  945.0 |
               +--------+--------+--------+--------+--------+-----+--------+

Top non-repeatable levels by time:
       D: 945 daAuts
